 Dungeon Crawl Stone Soup version 0.30-a0-359-gd0147acb1a (webtiles) character file.

Game seed: 16566397727047920387

6279 LnG the Covert (level 11, -4/61 HPs)
             Began as a Kobold Summoner on Nov 11, 2022.
             Was a Believer of Dithmenos.
             Killed from afar by an electric eel (10 damage)
             ... with a bolt of electricity
             ... on level 9 of the Dungeon.
             The game lasted 00:24:40 (7940 turns).

LnG the Covert (Kobold Summoner)                    Turns: 7940, Time: 00:24:40

Health: -4/61      AC:  7    Str:  5    XL:     11   Next: 15%
Magic:  22/22      EV: 14    Int: 27    God:    Dithmenos [**....]
Gold:   471        SH:  0    Dex: 15    Spells: 16/25 levels left

rFire   . . .      SeeInvis +    x - +9 falchion "Amemuh" {flame, rC+ Int+3}
rCold   + . .      Faith    .    (no shield)
rNeg    . . .      Spirit   .    c - +1 ring mail "Tuvvuviu" {rPois Will+ Regen+ Int+2}
rPois   +          Reflect  .    (no helmet)
rElec   .          Harm     .    (no cloak)
rCorr   .          Rampage  .    (no gloves)
Will    +....                    (no boots)
Stlth   +++++++...               (no amulet)
HPRegen 1.10/turn                g - ring of see invisible
MPRegen 0.18/turn                (no ring)

@: wreathed by umbra
A: small, no large weapons, nightstalker 3
a: Renounce Religion, Shadow Step


You were on level 9 of the Dungeon.
You worshipped Dithmenos.
Dithmenos was pleased with you.
You visited 2 branches of the dungeon, and saw 10 of its levels.

You collected 471 gold pieces.

Inventory:

Hand Weapons
 f - a +0 short sword
 x - the +9 falchion "Amemuh" (weapon) {flame, rC+ Int+3}
   (You found it on level 5 of the Dungeon)

   It burns those it strikes, dealing additional fire damage.
   Big, fiery blades are also staple armaments of hydra-hunters.
   Int:       It affects your intelligence (+3).
   rC:        It protects you from cold.
 A - a +2 dagger of flaming
 E - a +2 dagger of venom
 H - a +3 dagger of protection
Armour
 a - a +0 robe
 c - the +1 ring mail "Tuvvuviu" (worn) {rPois Will+ Regen+ Int+2}
   (You took it off a hobgoblin on level 3 of the Dungeon)

   Int:       It affects your intelligence (+2).
   rPois:     It protects you from poison.
   Regen:     It increases your rate of health regeneration.
   Will:      It increases your willpower.
 s - the +1 robe of Inviolability {rF+ rC++}
   (You found it on level 4 of the Dungeon)

   rF:        It protects you from fire.
   rC:        It greatly protects you from cold.
Jewellery
 g - a ring of see invisible (left hand)
 C - an amulet of faith
 D - a +6 ring of intelligence
 F - a ring of protection from fire
Wands
 i - a wand of mindburst (2)
 w - a wand of paralysis (6)
 y - a wand of iceblast (14)
Scrolls
 d - 4 scrolls of noise
 l - a scroll of teleportation
 m - 2 scrolls of fog
 n - 2 scrolls of silence
 q - 4 scrolls of poison
 u - a scroll of amnesia
 v - 2 scrolls of blinking
 G - a scroll of immolation {unknown}
Potions
 b - a potion of magic
 e - a potion of attraction {unknown}
 h - a potion of berserk rage {unknown}
 j - 3 potions of resistance
 k - 4 potions of brilliance
 o - 3 potions of mutation {unknown}
 p - 2 potions of flight {unknown}
 r - a potion of invisibility {unknown}
 t - a potion of lignification {unknown}
 z - 3 potions of degeneration {unknown}
 B - 2 potions of heal wounds {unknown}


   Skills:
 + Level 4.1 Fighting
 + Level 4.9(5.9) Short Blades
 + Level 3.0(3.6) Long Blades
 + Level 4.4 Armour
 * Level 8.4 Dodging
 * Level 11.3 Stealth
 * Level 7.6 Spellcasting
 + Level 0.8 Hexes
 + Level 6.4 Summonings


You had 16 spell levels left.
You knew the following spells:

 Your Spells              Type           Power      Damage    Failure   Level
a - Summon Small Mammal   Summ           100%       N/A       1%          1
b - Call Imp              Summ           45%        N/A       2%          2
c - Call Canine Familiar  Summ           45%        N/A       4%          3
d - Summon Guardian Gole  Hex/Summ       29%        N/A       16%         3

Your spell library contained the following spells:

 Spells                   Type           Power      Damage    Failure   Level
 Foxfire                  Conj/Fire      40%        2x1d6     22%         1
 Dazzling Flash           Conj/Hex       24%        N/A       50%         3
 Summon Lightning Spire   Summ/Air       27%        N/A       52%         4
 Summon Forest            Summ/Tloc      13%        N/A       86%         5
 Leda's Liquefaction      Hex/Erth       6%         N/A       88%         4
 Iskenderun's Mystic Bla  Conj/Tloc      10%        2d4       92%         4
 Fireball                 Conj/Fire      5%         3d5       99%         5
 Lee's Rapid Deconstruct  Erth           5%         3d6*      99%         5
 Eringya's Noxious Bog    Tmut/Pois      5%         N/A       100%        6
 Starburst                Conj/Fire      5%         6d4       100%        6
 Statue Form              Tmut/Erth      6%         N/A       100%        6
 Summon Hydra             Summ           22%        N/A       100%        7


Dungeon Overview and Level Annotations

Branches:
Dungeon (9/15)             Temple (1/1) D:7            Lair (0/5) D:8
    Orc: D:9-12

Altars:
Ashenzari
Cheibriados
Dithmenos
Elyvilon
Fedhas
Gozag
Hepliaklqana
Kikubaaqudgha
Makhleb
Nemelex Xobeh
Okawaru
Qazlal
Ru
Sif Muna
Trog
Uskayaw
Vehumet
Wu Jian
Xom
Yredelemnul
Zin
The Shining One

Annotations:
D:3 2 transporters, 1 runed translucent door, Palms's ghost, amateur DjFE


Innate Abilities, Weirdness & Mutations

You are small and have problems with some larger weapons.
You are completely attuned to the shadows.


Message History

Your hound disappears in a puff of smoke!
You start resting.
HP restored.
There is a stone staircase leading down, spattered with blood here.
You climb downwards.
The killer bee simulacrum closely misses you.
The killer bee simulacrum misses you.
The killer bee simulacrum closely misses you.
There is a stone staircase leading up, spattered with blood here.
You hit the killer bee simulacrum.
You melt the killer bee simulacrum.
The killer bee simulacrum is moderately damaged.
The killer bee simulacrum completely misses you.
The electric eel shoots out a bolt of lightning at you!
The bolt of electricity hits you!
The killer bee simulacrum hits you but does no damage.
You slash the killer bee simulacrum!
You melt the killer bee simulacrum.
The killer bee simulacrum vaporises!
Dithmenos accepts your kill.
You closely miss the polar bear. The polar bear barely misses you.
The polar bear claws you but does no damage. x2
You barely miss the polar bear.
The electric eel shoots out a bolt of lightning at you!
The bolt of electricity hits you! The polar bear bites you!
The polar bear claws you but does no damage.
The polar bear claws you.
You hit the polar bear. You burn the polar bear.
The polar bear is lightly wounded.
The polar bear bites you!
* * * LOW HITPOINT WARNING * * *
The polar bear closely misses you.
The polar bear claws you but does no damage.
A wight comes into view. It is wielding a +1 mace of protection.
The electric eel shoots out a bolt of lightning at you!
The bolt of electricity hits you!
* * * LOW HITPOINT WARNING * * *
The polar bear closely misses you.
The polar bear claws you but does no damage. x2
The electric eel shoots out a bolt of lightning at you!
The bolt of electricity hits you!
You die...

##+####
#......
#@.....
#h...z~
..##'..S~
.......~S
.........
......~~.
.....~~~.
.....~~..


You could see a polar bear, an electric eel and a wight.

Vanquished Creatures
  Pikel (D:5)
  Maggie (D:8)
  Prince Ribbit (D:5)
  A slime creature (D:7)
  Sigmund (D:5)
  A wraith (D:5)
  A nameless horror (D:8)
  Menkaure (D:6)
  A warg (D:8)
  Edmund (D:5)
  A water moccasin (D:7)
  2 orc warriors (D:8)
  A black bear (D:7)
  2 sky beasts
  An ice beast (D:6)
  A centaur (D:6)
  A phantom (D:7)
  3 kobold brigands (D:7)
  2 lemures (D:5)
  3 bullfrogs (D:7)
  A necrophage (D:4)
  A scorpion (D:6)
  5 killer bees
  Dowan (D:6)
  3 hounds
  3 jellies
  2 orc priests
  An iguana (D:4)
  Ijyb (D:5)
  7 orc wizards
  A killer bee simulacrum (D:9)
  14 adders
  3 shadow imps
  4 white imps
  An ufetubus (D:6)
  A worm (D:4)
  5 dart slugs
  17 orcs
  6 endoplasms
  A giant cockroach (D:4)
  7 goblins
  8 hobgoblins
  7 quokkas
  4 ball pythons
  3 bats
  5 frilled lizards
  13 kobolds
  4 rats
156 creatures vanquished.

Vanquished Creatures (collateral kills)
  Maurice (D:8)
  A polar bear (D:8)
  A slime creature (D:7)
  Duvessa (D:6)
  An orc warrior (D:8)
  An ogre (D:5)
  A bullfrog (D:8)
  A necrophage (D:5)
  A scorpion (D:4)
  6 killer bees
  2 hounds
  2 jellies (D:7)
  2 orc priests
  An orc wizard (D:8)
  An adder (D:5)
  A white imp (D:5)
  An ufetubus (D:8)
  13 orcs
  A bat (D:3)
  An endoplasm (D:7)
  A giant cockroach (D:1)
  A hobgoblin (D:3)
  5 kobolds
  A quokka (D:1)
  3 ball pythons
  A frilled lizard (D:3)
  A rat (D:1)
53 creatures vanquished.

Vanquished Creatures (others)
  A warg (D:8)
  An orc warrior (D:8)
  4 killer bees (D:8)
  An orc priest (D:8)
  An orc wizard (D:8)
  3 plants (D:8)
  8 toadstools (D:7)
19 creatures vanquished.

Grand Total: 228 creatures vanquished

Notes
Turn   | Place    | Note
-------+----------+-------------------------------------------
     0 | D:1      | LnG the Kobold Summoner began the quest for the Orb.
     0 | D:1      | Reached XP level 1. HP: 10/10 MP: 3/3
   161 | D:1      | Found a faded altar of an unknown god.
   232 | D:1      | Reached XP level 2. HP: 4/15 MP: 1/5
   235 | D:1      | Learned a level 2 spell: Call Imp
   673 | D:1      | Reached skill level 3 in Stealth
   846 | D:1      | Reached XP level 3. HP: 17/19 MP: 6/6
   855 | D:1      | Learned a level 3 spell: Call Canine Familiar
  1501 | D:2      | Reached skill level 4 in Stealth
  1501 | D:2      | Reached XP level 4. HP: 24/24 MP: 7/7
  1577 | D:2      | Reached skill level 1 in Short Blades
  1696 | D:2      | Found a shimmering altar of Xom.
  2171 | D:3      | Found a radiant altar of Vehumet.
  2299 | D:3      | Reached XP level 5. HP: 24/28 MP: 4/8
  2380 | D:3      | Identified the +1 ring mail "Tuvvuviu" {rPois Will+ Regen+
                  | Int+2}
  2534 | D:3      | Found a transporter.
  2664 | D:3      | Reached skill level 5 in Stealth
  2740 | D:3      | Found a glowing silver altar of Zin.
  2740 | D:3      | Noticed an angel
  2768 | D:3      | Found a transporter.
  2882 | D:3      | Found a runed translucent door.
  2884 | D:3      | Noticed Palms's ghost (amateur DjFE)
  2966 | D:3      | Found a burning altar of Makhleb.
  3142 | D:4      | Reached XP level 6. HP: 33/33 MP: 7/9
  3146 | D:4      | Learned a level 3 spell: Summon Guardian Golem
  3238 | D:4      | Identified the +1 robe of Inviolability {rF+ rC++}
  3343 | D:4      | Reached skill level 6 in Stealth
  3365 | D:4      | Reached skill level 1 in Armour
  3419 | D:4      | Found a hide-covered altar of Uskayaw.
  3426 | D:4      | Reached XP level 7. HP: 37/37 MP: 11/11
  3653 | D:5      | Entered Level 5 of the Dungeon
  3712 | D:5      | Reached skill level 1 in Fighting
  3712 | D:5      | Reached skill level 5 in Dodging
  3919 | D:5      | Reached skill level 7 in Stealth
  3981 | D:5      | Identified the +9 falchion "Amemuh" {flame, rC+ Int+3}
  4004 | D:5      | Noticed Sigmund
  4012 | D:5      | Killed Sigmund
  4013 | D:5      | Reached XP level 8. HP: 33/43 MP: 10/13
  4018 | D:5      | Noticed Edmund
  4030 | D:5      | Killed Edmund
  4195 | D:5      | Noticed Prince Ribbit
  4198 | D:5      | Found an opulent altar of Gozag.
  4228 | D:5      | Killed Prince Ribbit
  4229 | D:5      | Reached skill level 8 in Stealth
  4315 | D:5      | Noticed Ijyb
  4321 | D:5      | Killed Ijyb
  4353 | D:5      | Noticed a wraith
  4366 | D:5      | Killed a wraith
  4367 | D:5      | Reached skill level 1 in Long Blades
  4547 | D:6      | Noticed Pikel
  4640 | D:5      | Killed Pikel
  4641 | D:5      | Reached skill level 5 in Spellcasting
  4641 | D:5      | Reached skill level 5 in Summonings
  4641 | D:5      | Reached XP level 9. HP: 23/49 MP: 5/16
  4914 | D:6      | Noticed Menkaure
  4920 | D:6      | Killed Menkaure
  4921 | D:6      | Reached skill level 9 in Stealth
  5102 | D:6      | Noticed Duvessa
  5102 | D:6      | Noticed Dowan
  5107 | D:6      | Killed Duvessa
  5109 | D:6      | Killed Dowan
  5539 | D:7      | Found a stormy altar of Qazlal.
  5542 | D:7      | Reached XP level 10. HP: 56/56 MP: 18/18
  5857 | D:7      | Found a staircase to the Ecumenical Temple.
  5938 | Temple   | Entered the Ecumenical Temple
  6059 | Temple   | Became a worshipper of Dithmenos the Shadowed
  6146 | D:7      | Found a basalt altar of Yredelemnul.
  6217 | D:7      | Reached skill level 10 in Stealth
  6324 | D:7      | Identified the +5 mace of the Threshing Seeker {vorpal,
                  | rPois rC+ Int+4}
  6480 | D:8      | Reached * piety under Dithmenos
  6604 | D:8      | Found a staircase to the Lair.
  7003 | D:8      | Noticed Maurice
  7064 | D:8      | Killed Maurice
  7316 | D:8      | Reached skill level 11 in Stealth
  7316 | D:8      | Reached ** piety under Dithmenos
  7321 | D:8      | Reached XP level 11. HP: 25/61 MP: 16/21
  7450 | D:8      | Noticed Maggie
  7454 | D:8      | Killed Maggie
  7785 | D:8      | Found an ornate altar of the Wu Jian Council.
  7940 | D:9      | Killed from afar by an electric eel

Illustrated notes

Levels and vault maps discovered:
D:1:      eino_arrival_cavern_a, layout_basic,
          shapermc_ecumenical_altar_starsandcircs
D:2:      layout_basic, basic_altar
D:3:      gammafunk_wand_slinger, layout_loops_ring, lightli_temple_of_fire,
          nicolae_overflow_crystal_walls, zin_angel, gammafunk_ghost_grave,
          minmay_misc_feat_iff
D:4:      layout_rooms, overflow_temple_1_default
D:5:      layout_cave_pools, grunt_gozag_statues, kennysheep_another_room,
          uniq_sigmund, uniq_ijyb, uniq_prince_ribbit1, uniq_edmund
D:6:      layout_cave_pools, grunt_tough_drop, uniq_pikel, uniq_menkaure,
          uniq_duvessa
D:7:      cheibrodos_fertilizer, layout_rooms, yredelemnul_altar_generic,
          old_standard_altar, minmay_temple_entry_wispy
D:8:      layout_cave_pods, general_overflow_altar, erik_lair_orcish_takeover,
          uniq_maurice, uniq_maggie
D:9:      layout_gridville, serial_ice, serial_ice_d, serial_ice_i,
          serial_ice_a, serial_ice_g, kennysheep_minor_cross,
          hangedman_incinerator
Temple:   eino_temple_lava

Skill      XL: |  1  2  3  4  5  6  7  8  9 10 |
---------------+-------------------------------+-----
Stealth        | 3 4 5 6 7 8 9 11 | 11.3
Dodging        | 3 4 5 6 7 8 |  8.4
Short Blades   | 1 2 3 4 |  4.9
Armour         | 1 2 3 4 |  4.4
Spellcasting   | 3 5 7 |  7.6
Fighting       | 1 2 3 4 |  4.1
Long Blades    | 1 2 3 |  3.0
Summonings     | 5 6 |  6.4
Hexes          | |  0.8

Action                   |  1- 3 |  4- 6 |  7- 9 | 10-12 || total
-------------------------+-------+-------+-------+-------++-------
Melee: Unarmed           |    15 |       |       |       ||    15
       Short sword       |    83 |   238 |    66 |       ||   387
       Punch             |     1 |     3 |     3 |     5 ||    12
       Falchion          |       |       |   118 |     9 ||   127
       Dagger            |       |       |     1 |   270 ||   271
 Cast: Summon Small Mamm |    11 |     2 |       |       ||    13
       Call Imp          |     2 |     6 |     6 |    11 ||    25
       Call Canine Famil |       |     1 |    11 |    15 ||    27
       Summon Guardian G |       |       |       |    10 ||    10
  Use: Scroll            |       |     4 |     2 |     4 ||    10
       Potion            |       |       |       |     1 ||     1
 Stab: Distracted        |     1 |     2 |     2 |     3 ||     8
       Sleeping          |    16 |    16 |    13 |    14 ||    59
Armor: Robe              |    18 |    15 |       |       ||    33
       Ring mail         |       |    65 |    56 |    93 ||   214
Dodge: Dodged            |    51 |   136 |   114 |   262 ||   563

Table legend: (Time is in decaauts)
 A = Elapsed time spent in this place.
 B = Non-inter-level travel time spent in this place.
 C = Inter-level travel time spent in this place.
 D = Time resting spent in this place.
 E = Time spent auto-exploring this place.
 F = Levels seen in this place.
 G = Mean time per level.
                   A        B        C        D        E       F      G
               +--------+--------+--------+--------+--------+-----+--------+
         Total |   7865 |   7515 |    350 |    282 |   5387 |  10 |  786.5 |
       Dungeon |   7734 |   7401 |    333 |    282 |   5289 |   9 |  859.3 |
        Temple |    130 |    113 |     17 |      0 |     98 |   1 |  130.0 |
               +--------+--------+--------+--------+--------+-----+--------+

Top non-repeatable levels by time:
     D:8: 1434 daAuts
     D:1: 1091 daAuts
     D:5: 1057 daAuts
     D:2: 1037 daAuts
     D:3: 884 daAuts
     D:7: 819 daAuts
     D:6: 775 daAuts
     D:4: 619 daAuts
  Temple: 130 daAuts
     D:9: 15 daAuts
